 Dungeon Crawl Stone Soup version 0.17.0-19-gb37c632 (console) character file.

1849 Kloppie the Covered (level 8, -4/78 HPs)
             Began as a Deep Dwarf Fighter on Nov 12, 2015.
             Was a Believer of the Shining One.
             Slain by a komodo dragon (17 damage)
             ... on level 6 of the Dungeon.
             The game lasted 00:09:59 (4093 turns).

Kloppie the Covered (Deep Dwarf Fighter)            Turns: 4093, Time: 00:09:59

Health: -4/78      AC: 13    Str: 20    XL:     8   Next: 88%
Magic:  3/3        EV:  6    Int: 10    God:    the Shining One [**....]
Gold:   265        SH:  0    Dex: 13    Spells: 0 memorised, 7 levels left

rFire  . . .     SeeInvis .     a - +0 war axe
rCold  . . .     Clarity  .     l - +0 plate armour
rNeg   + . .     SustAt   .     (no shield)
rPois  .         Gourm    .     (no helmet)
rElec  .         Spirit   .     (no cloak)
rCorr  .         Warding  .     (no gloves)
rMut   .         Stasis   .     (no boots)
MR     +....                    (no amulet)
Stlth  ..........               (no ring)
                                (no ring)

@: non-regenerating, glowing, somewhat resistant to hostile enchantments,
extremely unstealthy
A: damage resistance, recharge devices, sense surroundings 1, slow regeneration
3
a: Device Recharging, Divine Shield, Renounce Religion


You were on level 6 of the Dungeon.
You worshipped the Shining One.
The Shining One was pleased with you.
You were not hungry.

You visited 1 branch of the dungeon, and saw 6 of its levels.

You collected 265 gold pieces.

Inventory:

Hand Weapons
 a - a +0 war axe (weapon)
Missiles
 s - 4 tomahawks (quivered)
Armour
 b - a +0 scale mail
 c - a +0 shield
 l - a +0 plate armour (worn)
Wands
 e - a wand of heal wounds (4)
Scrolls
 h - a scroll of enchant armour {unknown}
 k - 5 scrolls of teleportation {unknown}
 m - 5 scrolls of identify {unknown}
 n - a scroll of blinking {unknown}
 p - 3 scrolls of amnesia {unknown}
 w - 2 scrolls of magic mapping {unknown}
 x - 2 scrolls of fog {unknown}
 z - 2 scrolls of remove curse {unknown}
 A - a scroll of random uselessness {unknown}
 F - a scroll of noise {unknown}
Potions
 d - a potion of might
 j - 5 potions of curing {unknown}
 o - a potion of lignification {unknown}
 q - a potion of ambrosia {unknown}
 r - a potion of magic {unknown}
 u - a potion of flight {unknown}
 v - a potion of brilliance {unknown}
 B - a potion of mutation {unknown}
 E - a potion of agility {unknown}
 G - a potion of degeneration {unknown}
Books
 y - a book of Fire

   Spells                             Type                      Level
   a - Ignite Poison                  Fire/Transmutation/Poison    3
   b - Fireball                       Conjuration/Fire             5
   c - Bolt of Fire                   Conjuration/Fire             6
   d - Delayed Fireball               Conjuration/Fire             7
   e - Ring of Flames                 Charms/Fire                  7
 D - a book of Burglary

   Spells                             Type                      Level
   a - Swiftness                      Charms/Air                   2
   b - Passwall                       Transmutation/Earth          3
   c - Passage of Golubria            Translocation                4
   d - Lee's Rapid Deconstruction     Earth                        5
   e - Darkness                       Hexes                        6
   f - Invisibility                   Hexes                        6
Comestibles
 f - 7 bread rations
 g - 2 slices of pizza
 i - a meat ration
 t - a beef jerky
 C - 4 fruits


   Skills:
 + Level 6.7 Fighting
 + Level 7.7 Axes
 + Level 7.8 Armour
 - Level 3.2 Shields


You had 7 spell levels left.
You didn't know any spells.

Dungeon Overview and Level Annotations

Branches:
Dungeon (6/15)             Temple (0/1) D:4

Altars:
Dithmenos
Gozag
Makhleb
Okawaru
The Shining One

Shops:
D:2 *

Annotations:
D:3 Sigmund


Innate Abilities, Weirdness & Mutations

You are resistant to damage.
You can recharge devices by infusing magical energy.
You passively map a small area around you.
You do not regenerate naturally.


Message History

You hit the komodo dragon but do no damage.
The komodo dragon is moderately wounded.
The komodo dragon bites you!
* * * LOW HITPOINT WARNING * * *
You hit the komodo dragon but do no damage.
The komodo dragon is moderately wounded.
The komodo dragon bites you!
* * * LOW HITPOINT WARNING * * *
Evoke which item? (* to show all) (? for menu, Esc to quit)
Zapping:
e - a wand of heal wounds (5)
Press: ? - help, Shift-Dir - straight line, f - you You feel much better.
This wand has 4 charges left.
The komodo dragon bites you.
* * * LOW HITPOINT WARNING * * *
You hit the komodo dragon but do no damage.
The komodo dragon is moderately wounded.
The komodo dragon bites you!!
* * * LOW HITPOINT WARNING * * *
The komodo dragon bites you!!
You die...

#....# ** * * *
#....# #. #....#,
.### ** #....# *
.... , #....# ..#
* * # , , .# ...,
#, .....# #.#### *
# , .#...# #.l.<#,
.....###@####.#
###..#.........#
#. *
*,#.#..###.#######
... #.........#
#.######.....##..#
.......#......#.[#
#.####.#...#..#..#
.......#...#..#..#
#.###..†...#..#..#


You could see a komodo dragon.

Vanquished Creatures
  The ghost of benitares the Skirmisher, a novice HOFi (D:5)
  A two-headed ogre (D:4)
  A sky beast (D:6)
  A centaur (D:6)
  An ice beast (D:6)
  2 giant frogs (D:6)
  An ogre (D:6)
  Blork the orc (D:6)
  2 scorpions (D:4)
  4 hounds
  A crimson imp (D:6)
  2 orc priests
  A centaur skeleton (D:4)
  2 iguanas (D:4)
  3 orc wizards
  A worker ant (D:4)
  A worker ant zombie (D:6)
  7 adders
  2 shadow imps (D:6)
  An ooze (D:4)
  A worm (D:2)
  3 giant geckos
  16 orcs
  3 ball pythons
  5 bats
  5 giant cockroaches
  4 hobgoblins
  6 jackals
  8 kobolds
  A giant gecko skeleton (D:5)
  6 giant newts
  10 goblins
  A jackal zombie (D:5)
  A quokka skeleton (D:3)
  10 rats
116 creatures vanquished.

Notes
Turn   | Place    | Note
--------------------------------------------------------------
     0 | D:1      | Kloppie the Deep Dwarf Fighter began the quest for the Orb.
     0 | D:1      | Reached XP level 1. HP: 20/20 MP: 1/1
   314 | D:1      | Reached XP level 2. HP: 21/28 MP: 2/2
   448 | D:1      | Found a glowing golden altar of the Shining One.
   455 | D:1      | Became a worshipper of the Shining One
   870 | D:2      | Found an opulent altar of Gozag.
   885 | D:2      | Found Gozag's Platinum Reserve.
   965 | D:2      | Reached XP level 3. HP: 21/34 MP: 3/3
   984 | D:2      | Reached skill level 4 in Armour
  1017 | D:2      | Found a burning altar of Makhleb.
  1104 | D:2      | Found a faded altar to an unknown god.
  1218 | D:3      | Noticed Sigmund
  1379 | D:3      | Reached XP level 4. HP: 40/42 MP: 4/4
  1878 | D:3      | Reached XP level 5. HP: 32/50 MP: 5/5
  1883 | D:3      | Found a burning altar of Makhleb.
  1955 | D:4      | Reached * piety under the Shining One
  2048 | D:4      | Found a staircase to the Ecumenical Temple.
  2127 | D:4      | Found an iron altar of Okawaru.
  2159 | D:4      | Reached XP level 6. HP: 41/57 MP: 6/6
  2161 | D:4      | Reached skill level 5 in Armour
  2782 | D:4      | Reached skill level 5 in Axes
  2981 | D:5      | Entered Level 5 of the Dungeon
  2981 | D:5      | Noticed a two-headed ogre
  2993 | D:4      | Killed a two-headed ogre
  2993 | D:4      | Reached skill level 5 in Fighting
  2993 | D:4      | Reached XP level 7. HP: 18/67 MP: 6/6
  3122 | D:5      | Noticed benitares's ghost (novice HOFi)
  3145 | D:5      | Killed benitares's ghost
  3145 | D:5      | Reached skill level 6 in Axes
  3145 | D:5      | Reached XP level 8. HP: 14/76 MP: 5/5
  3259 | D:5      | Found a shadowy altar of Dithmenos.
  3673 | D:6      | Reached skill level 7 in Armour
  3943 | D:6      | Noticed Blork the orc
  3945 | D:6      | Reached ** piety under the Shining One
  3956 | D:6      | Killed Blork the orc
  4085 | D:6      | Noticed a komodo dragon
  4093 | D:6      | Slain by a komodo dragon

Action                   |  1- 3 |  4- 6 |  7- 9 || total
-------------------------+-------+-------+-------++-------
Melee: War axe           |   129 |   141 |   107 ||   377
 Abil: Device Recharging |       |     1 |     4 ||     5
Evoke: Wand              |     1 |     7 |    10 ||    18
  Use: Potion            |       |       |     1 ||     1
  Eat: Chunk             |     2 |     5 |     4 ||    11
